AoeStats
← 从不压堡之人

Nomad

510354658Analyzed
4v4 RM · 2d ago on Sep 30, 2026· 36m 12s· 8 players
Game mode
Random Map
Map size
231×231
Population
200
Speed
Normal
Resources
Standard
Victory
Conquest
Starting age
Dark Age
Ending age
Imperial Age
RankedLock teamsTeams togetherTeam positionsShared explorationLock speedFull tech treeHidden civsTurbo modeCheats
Victory
Defeat
🇨🇳 Vietnamese · China
1038
+13
🇨🇳 Huns · China
1013
+14
🇨🇳 Tupi · China
1012
+14
968
+16
🇳🇱 Magyars · Netherlands
1007
-16
🇹🇷 Spanish · Türkiye
979
-15
🇹🇷 Huns · Türkiye
958
-14
🇪🇸 Khmer · Spain
925
-12
[JRA]BATU
14:47 Feudal Age
20:56 Castle Age
19:58 Double-Bit Axe
19:56 Horse Collar
20:12 Gold Mining
22:00 Bloodlines
32:21 Scale Barding Armor
35:12 Forging
McFly
4:54 Loom
16:54 Feudal Age
17:25 Double-Bit Axe
18:32 Fishing Lines
21:19 Gold Mining
23:02 Stone Mining
27:06 Castle Age
26:15 Fletching
27:06 Wheelbarrow
28:42 Bow Saw
28:57 Bodkin Arrow
29:37 Hand Cart
30:55 Gold Shaft Mining
30:55 Stone Shaft Mining
30:28 Town Watch
31:41 Stone Shaft Mining
[JRA] MELITIAN
8:33 Loom
14:51 Feudal Age
16:17 Double-Bit Axe
19:44 Wheelbarrow
23:14 Castle Age
23:16 Scale Barding Armor
23:22 Forging
23:14 Padded Archer Armor
24:00 Bloodlines
29:30 Stone Mining
32:23 Gold Mining
34:50 Bow Saw
julian
13:35 Feudal Age
13:55 Loom
18:08 Castle Age
17:07 Double-Bit Axe
22:14 Medium Warships
32:08 Bloodlines
老徐
6:12 Loom
14:28 Feudal Age
14:55 Fishing Lines
15:02 Double-Bit Axe
16:28 Horse Collar
21:02 Castle Age
19:40 Wheelbarrow
21:41 Gillnets
22:36 Bow Saw
23:04 Hand Cart
25:09 Heavy Plow
25:36 Gold Mining
25:36 Stone Mining
27:22 Fletching
27:32 Padded Archer Armor
27:43 Forging
27:33 Scale Mail Armor
27:39 Scale Barding Armor
30:13 Stone Shaft Mining
30:35 Medium Warships
29:46 Demolition Ship
30:26 Bodkin Arrow
31:07 Caravan
32:08 Squires
32:25 Bloodlines
32:15 Husbandry
32:25 Bloodlines
32:42 Chain Barding Armor
32:46 Light Cavalry
33:49 Ballistics
33:09 Treadmill Crane
33:40 Masonry
33:43 Clinker Construction
33:37 Atonement
33:33 Herbal Medicine
33:58 Sanctity
33:46 Town Watch
34:07 Scale Mail Armor
34:26 Leather Archer Armor
34:33 Devotion
34:21 Arson
33:57 Pikeman
33:58 Man-at-Arms
35:45 Chatras
38:26 Imperial Age
洗心革面重新做人TownYan
5:11 Loom
12:23 Feudal Age
13:57 Double-Bit Axe
17:05 Town Watch
19:51 Castle Age
17:56 Fishing Lines
19:51 Fletching
21:17 Medium Warships
20:58 Gillnets
21:37 Bow Saw
22:04 Bodkin Arrow
23:23 Wheelbarrow
23:12 Stone Mining
23:12 Gold Mining
24:46 Hand Cart
28:01 Gold Shaft Mining
29:17 Ballistics
32:15 Imperial Age
32:59 Bracer
34:00 Chemistry
33:35 Heavy Warships
33:25 Clinker Construction
33:59 Elite Ballista Elephant
34:59 Conscription
34:41 Double Crossbow
35:35 Siege Engineers
36:06 Hoardings
35:35 Husbandry
36:33 Scale Barding Armor
从不压堡之人
4:18 Loom
5:20 Loom
14:13 Feudal Age
14:45 Feudal Age
15:44 Double-Bit Axe
18:55 Castle Age
17:17 Fishing Lines
17:49 Scale Mail Armor
17:59 Forging
17:57 Gold Mining
18:18 Champi Runner
18:44 Arson
20:15 Wheelbarrow
19:07 Champi Warrior
19:48 Squires
20:08 Chain Mail Armor
20:16 Bow Saw
21:33 Horse Collar
22:26 Heavy Plow
25:11 Town Watch
25:52 Caravan
25:49 Gillnets
27:01 Medium Warships
28:12 Stone Mining
28:59 Gold Shaft Mining
30:09 Iron Casting
30:59 Hand Cart
36:00 Imperial Age
34:02 Caciques
33:38 Treadmill Crane
36:07 Elite Champi Warrior
37:18 Plate Mail Armor
四月
3:10 Loom
15:02 Feudal Age
16:32 Double-Bit Axe
19:03 Castle Age
17:11 Fishing Lines
17:22 Horse Collar
19:11 Gold Mining
20:11 Bow Saw
19:59 Gillnets
21:13 Scale Barding Armor
22:19 Chain Barding Armor
25:00 Forging
34:03 Imperial Age
32:36 Iron Casting
32:13 Bloodlines
32:03 Husbandry
35:25 Plate Barding Armor
34:17 Elite Tarkan
35:53 Conscription
36:20 Gold Shaft Mining
35:37 Stone Mining
Connection lost

Rejoining the realm…

Still unreachable

The connection could not be restored.

Session expired

The server has moved on; the page needs a fresh start.